 Dungeon Crawl Stone Soup version 0.30-a0-738-g116ff8c4af (webtiles) character file.

Game seed: 11412754166764689566

132694 kae the Earth Mage (level 17, 0/103 HPs)
             Began as a Gargoyle Earth Elementalist on Feb 3, 2023.
             Was the Champion of Vehumet.
             Slain by an orc knight
             ... wielding a +0 war axe
              (10 damage)
             ... on level 2 of the Orcish Mines.
             The game lasted 00:37:45 (26743 turns).

kae the Earth Mage (Gargoyle Earth Elementalist)   Turns: 26743, Time: 00:37:46

Health: 0/103      AC: 32    Str: 17    XL:     17   Next: 13%
Magic:  13/31      EV: 13    Int: 29    God:    Vehumet [******]
Gold:   4556       SH:  0    Dex: 14    Spells: 8/37 levels left

rFire   . . .      SeeInvis +    m - +12 glaive of Prune {freeze, Prune}
rCold   . . .      Faith    .    (shield currently unavailable)
rNeg    + + +      Spirit   .    L - +5 ring mail "Bicol" {Regen+ Str+4 Dex+4}
rPois   ∞          Reflect  .    w - +2 helmet
rElec   +          Harm     .    l - +1 cloak
rCorr   .          Rampage  .    (no gloves)
Will    +....                    a - +0 pair of boots "Kaydan" {rN+ SInv}
Stlth   +                        i - amulet of magic regeneration
HPRegen 1.17/turn                N - ring of positive energy
MPRegen 0.62/turn                I - +6 ring of intelligence

@: flying, studying Long Blades
A: sickness immunity, AC +12, big wings, negative energy resistance 1,
electricity resistance, torment resistance 1, petrification resistance
a: Renounce Religion


You were on level 2 of the Orcish Mines.
You worshipped Vehumet.
Vehumet was exalted by your worship.
You visited 4 branches of the dungeon, and saw 23 of its levels.
You visited the Abyss 1 time.
You also visited: Ice Cave.

You collected 4717 gold pieces.
You spent 161 gold pieces at shops.


Innate Abilities, Weirdness & Mutations

You are immune to sickness and miasma.
Your stone body is resilient. (AC +12)
You are immune to poison.
Your large and strong wings let you fly.
You resist negative energy. (rN+)
You are resistant to electric shocks. (rElec)
You are resistant to unholy torment.
You are immune to petrification.


   Skills:
 + Level 10.5 Fighting
 * Level 9.4 Polearms
 + Level 10.5 Armour
 + Level 6.2 Dodging
 - Level 2.1 Stealth
 + Level 10.8 Spellcasting
 + Level 17.0 Conjurations
 - Level 0.7 Transmutations
 - Level 18.5 Earth Magic


You had 8 spell levels left.
You knew the following spells:

 Your Spells              Type           Power      Damage    Failure   Level
a - Sandblast             Erth           100%       2d20      0%          1
b - Stone Arrow           Conj/Erth      100%       3d13      0%          3
c - Iron Shot             Conj/Erth      43%        9d8       1%          6
d - Lehudib's Crystal Sp  Conj/Erth      43%        10d11     7%          8
e - Passwall              Tmut/Erth      53%        N/A       1%          2
f - Petrify               Tmut/Erth      64%        N/A       1%          4
g - Lee's Rapid Deconstr  Erth           44%        3d21*     1%          5

Your spell library contained the following spells:

 Spells                   Type           Power      Damage    Failure   Level
 Yara's Violent Unravell  Hex/Tmut       8%         3d5       32%         5
 Magic Dart               Conj           100%       1d8       0%          1
 Momentum Strike          Conj/Tloc      100%       3d10      1%          2
 Static Discharge         Conj/Air       100%       2-7/arc   1%          2
 Dazzling Flash           Conj/Hex       100%       N/A       1%          3
 Mephitic Cloud           Conj/Pois/Air  48%        N/A       1%          3
 Animate Armour           Summ/Erth      100%       N/A       1%          4
 Flame Wave               Conj/Fire      60%        2d14      1%          4
 Fulminant Prism          Conj/Hex       30%        3d16      1%          4
 Iskenderun's Mystic Bla  Conj/Tloc      60%        2d13      1%          4
 Sticky Flame             Conj/Fire      60%        2d8       1%          4
 Iskenderun's Battlesphe  Conj           85%        2d13      1%          5
 Lightning Bolt           Conj/Air       30%        1d47      1%          5
 Poisonous Vapours        Pois/Air       30%        N/A       2%          2
 Sting                    Tmut/Pois      68%        1d6       4%          1
 Inner Flame              Hex/Fire       15%        N/A       4%          3
 Kindle Blastsparks       Fire/Tloc/Air  30%        2d12      4%          3
 Apportation              Tloc           30%        N/A       5%          1
 Necrotise                Necr           60%        1d7       5%          1
 Conjure Ball Lightning   Conj/Air       30%        3x3d10    7%          6
 Blink                    Tloc           30%        N/A       9%          2
 Call Imp                 Summ           15%        N/A       9%          2
 Ensorcelled Hibernation  Hex/Ice        30%        N/A       9%          2
 Lesser Beckoning         Tloc           30%        N/A       9%          2
 Airstrike                Air            7%         2d(2-18)  16%         4
 Olgreb's Toxic Radiance  Pois           15%        N/A       16%         4
 Swiftness                Air            15%        N/A       17%         3
 Vampiric Draining        Necr           15%        2d7       17%         3
 Spellforged Servitor     Conj/Summ      30%        N/A       34%         7
 Anguish                  Hex/Necr       7%         N/A       50%         4
 Cause Fear               Hex            7%         N/A       50%         4
 Summon Lightning Spire   Summ/Air       15%        N/A       50%         4
 Alistair's Intoxication  Tmut/Pois      11%        N/A       80%         5
 Agony                    Necr           15%        N/A       83%         5
 Silence                  Hex/Air        7%         N/A       83%         5
 Summon Forest            Summ/Tloc      7%         N/A       83%         5
 Summon Mana Viper        Hex/Summ       15%        N/A       83%         5
 Summon Cactus Giant      Summ           7%         N/A       100%        6
 Enfeeble                 Hex            7%         N/A       100%        7
 Discord                  Hex            7%         N/A       100%        8
 Statue Form              Tmut/Erth      Unusable   N/A       N/A         6

Inventory:

Hand Weapons
 m - the +12 glaive of Prune (weapon) {freeze, Prune}
   (You found it on level 5 of the Lair of Beasts)

   Prune:     It halves damage taken while paralysed, petrified or unconscious.
Missiles
 U - 3 boomerangs
Armour
 a - the +0 pair of boots "Kaydan" (worn) {rN+ SInv}
   (You found it in an ice cave)

   rN:        It protects you from negative energy.
   SInv:      It lets you see invisible.
 l - a +1 cloak (worn)
   (You took it off Crazy Yiuf on level 4 of the Dungeon)
 w - a +2 helmet (worn)
   (You found it on level 4 of the Dungeon)
 L - the +5 ring mail "Bicol" (worn) {Regen+ Str+4 Dex+4}
   (You found it on level 6 of the Dungeon)

   Str:       It affects your strength (+4).
   Dex:       It affects your dexterity (+4).
   Regen:     It increases your rate of health regeneration.
Magical Staves
 X - a staff of conjuration {!a}
   (You found it in an ice cave)
Jewellery
 i - an amulet of magic regeneration (around neck)
   (You found it on level 1 of the Lair of Beasts)
 n - a ring of positive energy
   (You found it on level 11 of the Dungeon)
 A - an amulet of the acrobat
   (You found it on level 5 of the Dungeon)
 D - a +6 ring of dexterity
   (You took it off an efreet on level 13 of the Dungeon)
 F - the ring of the Middle {Fire *Slow Str+4 Int+6}
   (You found it on level 3 of the Lair of Beasts)

   [ring of fire]

   It enhances your fire magic.
   Str:       It affects your strength (+4).
   Int:       It affects your intelligence (+6).
   rF:        It protects you from fire.
   rC:        It makes you vulnerable to cold.
   *Slow:     It may slow you when you take damage.
 I - a +6 ring of intelligence (right hand)
   (You took it off a wight on level 8 of the Dungeon)
 N - a ring of positive energy (left hand)
   (You found it on level 5 of the Dungeon)
 T - an amulet of faith {!P}
   (You found it on level 1 of the Dungeon)
 W - a ring of magical power
   (You found it on level 4 of the Lair of Beasts)
 Z - the ring of Jidah {rElec Will- rCorr Int+2}
   (You found it in an ice cave)

   [ring of resist corrosion]

   Int:       It affects your intelligence (+2).
   rElec:     It insulates you from electricity.
   rCorr:     It protects you from acid and corrosion.
   Will:      It decreases your willpower.
Wands
 q - a wand of polymorph (13)
   (You took it off Erica on level 8 of the Dungeon)
 G - a wand of flame (38)
   (You found it on level 6 of the Dungeon)
 H - a wand of iceblast (18)
   (You found it on level 5 of the Dungeon)
 J - a wand of charming (21)
   (You found it on level 6 of the Dungeon)
 O - a wand of light (22)
   (You took it off Maggie on level 8 of the Dungeon)
 P - a wand of mindburst (12)
   (You found it on level 2 of the Lair of Beasts)
 Y - a wand of digging (6)
   (You took it off a centaur warrior on level 13 of the Dungeon)
Scrolls
 b - 5 scrolls of immolation {!r!r}
 c - 4 scrolls of vulnerability {!r!r}
 d - 2 scrolls of butterflies
 e - 4 scrolls of enchant weapon
 o - 4 scrolls of magic mapping {!r}
 p - 5 scrolls of poison
 r - 3 scrolls of amnesia
 t - 2 scrolls of torment {!r}
 x - 2 scrolls of silence {!r}
 M - 5 scrolls of fog
 Q - 7 scrolls of identify {@r1}
 R - 10 scrolls of teleportation {@r4}
 S - 4 scrolls of enchant armour
Potions
 f - 8 potions of lignification {!q}
 g - 2 potions of berserk rage {!q}
 h - 2 potions of ambrosia
 j - 5 potions of heal wounds {@q2}
 k - 2 potions of might
 s - a potion of magic
 u - 6 potions of attraction {!q}
 v - 3 potions of curing {@q1}
 z - 2 potions of haste {@q3}
 B - 3 potions of cancellation
 C - 3 potions of mutation {!q}
 E - 3 potions of brilliance
 K - 3 potions of resistance
Miscellaneous
 y - a phantom mirror
   (You found it on level 13 of the Dungeon)
 V - a piece from Xom's chessboard (15/15)
   (You found it on level 2 of the Lair of Beasts)

Dungeon Overview and Level Annotations

Branches:
Dungeon (15/15) Zot: 23750  Temple (0/1) D:7            Lair (5/5) D:8 Zot: 24278
  Swamp (1/4) Lair:2 Zot: 5120   Snake (0/4) Lair:3        Slime (0/5) Lair:4
    Orc (2/2) D:12 Zot: 11069     Elf (0/3) Orc:2        Vaults (0/5) D:13
 Depths (0/4) D:15          IceCv (visited)

Altars:
Elyvilon
Gozag
Makhleb
Okawaru
Qazlal
Sif Muna
Trog
Uskayaw
Vehumet
Wu Jian
Xom

Shops:
D:6 (   D:15 =   Orc:2 ?*

Annotations:
D:3 2 transporters
D:4 Edmund
D:5 3 runed translucent doors, exclusion: upstairs, Chingon's ghost, novice MiFi
D:6 1 exclusion
Lair:2 3 runed translucent doors, Maiprargh's ghost, journeyman DsIE; mopl's ghost, journeyman DjTm

......)...........#
...................
#######.###########
######.######
#...........###
...####.####...##
#.# ###..## #.#
##..# #.# ##@# #.#
#o# ...


#oooo# ... ##oo## #oo ... ##.. ..# .∩# You could see 2 orc knights, an orc high
priest (strong), an orc warrior (strong), 2 orc priests and an orc wizard.


Message History

Confirm with . or Enter, or press ? or * to list all spells.
Aiming: Sandblast (safe; 0% risk of failure)
Press: ? - help, Shift-Dir - straight line, f/p - orc knight
Aim: an orc knight, wielding a +1 glaive and wearing a +0 plate armour (almost dead, 85% to hit)
The blast of sand hits the orc knight.
The orc knight hits you but does no damage. 😕 HP[+2]
You regained 2 hp, and now have 101/103 hp.
An orc warrior comes into view. It is wielding a +0 halberd.
The orc warrior shouts!
The orc knight misses you.
The orc warrior moves out of view. 😕 HP[+1] MP[+1]
You slash the orc knight! You freeze the orc knight.
You kill the orc knight!
Vehumet accepts your kill.
An orc priest comes into view. It is wielding a +0 short sword.
An orc knight comes into view. It is wielding a +0 war axe.
The orc knight moves out of view.
You barely miss the orc warrior.
The orc warrior hits you but does no damage. x2
An orc warrior comes into view.
It is wielding a +0 halberd. 😎 HP[+1] MP[+1]
Your hp is fully restored (103).
You barely miss the orc warrior.
The orc warrior shouts!
The orc warrior hits you but does no damage.
The orc warrior misses you.
You slice the orc warrior!! You freeze the orc warrior!
You kill the orc warrior!
Vehumet accepts your kill.
An orc priest comes into view. It is wielding a +0 mace.
The orc priest mumbles some strange prayers to Beogh against you.
Beogh smites you!
The orc warrior hits you but does no damage. 😕 HP[-15] MP[+2]
You take 15 damage, and now have 88/103 hp.
You regained 2 mp, and now have 6/31 mp.
You miss the orc wizard. The orc wizard closely misses you.
The orc priest begins to cast a cantrip, but forgets the words!
The orc warrior barely misses you.
The orc wizard points at you and mumbles some strange words.
You resist with almost no effort.
The orc warrior hits you but does no damage.
You hear a shout!
You slice the orc wizard!! You freeze the orc wizard.
You kill the orc wizard!
Vehumet accepts your kill.
You feel your power returning.
You hear a shout! x4
The orc warrior throws a boomerang.
The boomerang hits you but does no damage. 😕 HP[+3] MP[+2]
You regained 3 hp, and now have 91/103 hp.
You regained 2 mp, and now have 8/31 mp.
Found Inaub's General Store.
The orc warrior hits you but does no damage.
An orc knight comes into view. It is wielding a +0 battleaxe.
The orc priest completely misses you.
An orc wizard comes into view. It is wielding a +0 dagger.
The orc warrior hits you with a +0 halberd.
Items here: ))))) [[[[ ††. 😕 HP[-2] MP[+1]
You take 2 damage, and now have 89/103 hp.
Unknown command.
You closely miss the orc warrior.
The orc knight roars a battlecry!
The orcs go into a battle-frenzy!
The orc warrior barely misses you.
You slash the orc knight! You freeze the orc knight.
The orc priest mumbles some strange prayers to Beogh against you.
Beogh smites you!
An orc wizard comes into view. It is wielding a +0 dagger.
The orc warrior hits you with a +0 halberd!!
The orc warrior hits you from afar with a +0 halberd! 😮 HP[-35] MP[+1]
You take 35 damage, and now have 54/103 hp.
MASSIVE DAMAGE!! (PAUSE)
The orc knight attacks as you move away!
The orc knight hits you with a +0 war axe!!
* * * LOW HITPOINT WARNING * * *
An orc high priest comes into view.
It is wielding a +0 halberd. 😨 HP[-27] MP[+1]
You take 27 damage, and now have 27/103 hp.
MASSIVE DAMAGE!! (PAUSE)
You hit the orc knight. You freeze the orc knight.
The orc priest casts a cantrip, but nothing happens.
The orc knight roars a battlecry!
The orcs go into a battle-frenzy!
The orc knight hits you with a +0 war axe!
* * * LOW HITPOINT WARNING * * *
The orc priest calls down the wrath of Beogh upon you.
Beogh smites you!
* * * LOW HITPOINT WARNING * * *
An orc wizard comes into view.
It is wielding a +0 dagger. 😱 HP[-19] MP[+1]
You take 19 damage, and now have 8/103 hp.
Unknown command.
You hit the orc knight but do no damage.
The orc knight hits you with a +0 war axe!
You die...

Skill      XL: |  1  2  3  4  5  6  7  8  9 10 11 12 13 14 15 16 17 |
---------------+----------------------------------------------------+-----
Conjurations   | 1 2 3 4 5 8 9 11 13 15 16 17 | 17.0
Earth Magic    | 4 5 6 7 9 11 12 13 14 16 18 | 18.5
Spellcasting   | 3 4 5 6 7 8 9 10 | 10.8
Fighting       | 6 8 10 | 10.5
Armour         | 6 8 10 | 10.5
Polearms       | 1 6 9 |  9.4
Dodging        | 4 6 |  6.2
Stealth        | |  2.1
Transmutations | |  0.7

Action                     |  1- 3 |  4- 6 |  7- 9 | 10-12 | 13-15 | 16-18 || total
---------------------------+-------+-------+-------+-------+-------+-------++-------
  Melee: Unarmed           |    15 |     1 |       |       |       |       ||    16
         Whip              |       |       |       |    43 |    39 |       ||    82
         Glaive            |       |       |       |       |     7 |    89 ||    96
   Cast: Sandblast         |    50 |    78 |    37 |   173 |   122 |    30 ||   490
         Stone Arrow       |       |     3 |    61 |   140 |   529 |   150 ||   883
         Iron Shot         |       |       |       |       |   123 |   139 ||   262
         Lehudib's Crystal |       |       |       |       |       |     1 ||     1
  Evoke: Wand              |       |       |       |     2 |       |       ||     2
         Piece from Xom's  |       |       |       |       |     1 |       ||     1
    Use: Scroll            |     3 |    11 |     6 |     4 |     9 |       ||    33
         Potion            |       |       |       |     1 |    11 |       ||    12
   Stab: Petrified         |       |       |       |       |       |     6 ||     6
 Armour: Robe              |    10 |     8 |     9 |       |       |       ||    27
         Ring mail         |       |       |     6 |   122 |   401 |   159 ||   688
         Skin              |       |       |       |       |    17 |       ||    17
  Dodge: Dodged            |    20 |    10 |    17 |   116 |   340 |   137 ||   640

Levels and vault maps discovered:
D:1:      roderic_dead_forest, layout_basic, st_stairs_3
D:2:      layout_loops_ring, basic_altar, kennysheep_generic_room_5
D:3:      gammafunk_steamed_eel, layout_loops_cross
D:4:      layout_cave_pools, nicolae_overflow_hidden_temple,
          hangedman_decor_opposing, uniq_crazy_yiuf_cottage, uniq_edmund
D:5:      minmay_general_purpose_star, layout_loops_corners,
          ebering_ghost_rock_garden, supply_closet_lemuel,
          palyth_stone_intersect, minmay_misc_feat_rows, uniq_sigmund
D:6:      lemuel_ice_spiral_2, layout_basic,
          nzn_overflow_gifts_of_might_and_magic, amcnicky_altar_gilded,
          elyvilon_altar_3, old_standard_altar, serial_shops,
          nicolae_shop_bloodbath_and_beyond, minmay_puff, uniq_duvessa,
          uniq_pikel
D:7:      layout_basic, temple_statues, dreamdust_princess_bridge,
          nicolae_fountain_basement
D:8:      layout_basic, marbit_many_paths, kennysheep_mini, okawaru_trees_2,
          hellmonk_lair_entry_icy, sigmund_army, uniq_maggie, uniq_erica,
          uniq_joseph
D:9:      layout_basic, grunt_gozag_statues
D:10:     layout_long_grid
D:11:     nzn_winding_woodlands_small [nzn_winding_woodlands_5x15_parted,
          nzn_winding_woodlands_center_garden,
          nzn_winding_woodlands_5x15_default], layout_layer_cave
D:12:     hourglass_vault, layout_irregular_city
D:13:     minmay_the_grid_square_5x5_5x5_mashed [minmay_the_grid_square_5x5_meh,
          minmay_the_grid_square_5x5_inner_i,
          minmay_the_grid_square_5x5_shrine1, minmay_the_grid_square_5x5_comb,
          minmay_the_grid_square_5x5_plus, minmay_the_grid_square_5x5_minivault,
          minmay_the_grid_square_5x5_prize_open,
          minmay_the_grid_square_5x5_checkered_sparse,
          minmay_the_grid_square_5x5_prize_gold,
          minmay_the_grid_square_5x5_minibox,
          minmay_the_grid_square_5x5_shuriken,
          minmay_the_grid_square_5x5_broken_cross,
          minmay_the_grid_square_5x5_prize_pseudospiral,
          minmay_the_grid_square_5x5_tie,
          minmay_the_grid_square_5x5_hollow_slash,
          minmay_the_grid_square_5x5_three,
          minmay_the_grid_square_5x5_prize_rear_guard,
          minmay_the_grid_square_5x5_intrusive_squares,
          minmay_the_grid_square_5x5_prize_itemx,
          minmay_the_grid_square_5x5_bridge,
          minmay_the_grid_square_5x5_trominoes,
          minmay_the_grid_square_5x5_slash,
          minmay_the_grid_square_5x5_checkered_statues,
          minmay_the_grid_square_5x5_bite,
          minmay_the_grid_square_5x5_eight_small], layout_gridville,
          lightli_vaults_fourway_checkpoint
D:14:     layout_roguey, hangedman_ranch
D:15:     hangedman_depths_entry_civil_slaughter, layout_cave_pools,
          nicolae_sextant, serial_shops, shop
Lair:1:   layout_cave_pods, st_stairs_11, grunt_megastairs_1
Lair:2:   minmay_guarded_unrand_snakebite, layout_hall_layers,
          nicolae_swamp_entry_splash_gauntlet, gammafunk_ghost_cemetery
Lair:3:   wander_river, layout_cave_pods, guppyfry_snake_entry_garden,
          fungi_pond_lemuel, pf_torpor_hydra, infiniplex_staircase_pool
Lair:4:   layout_misc_corridors, nicolae_slime_entry_slimehenge,
          portal_ice_cave_rime, kennysheep_basilisk_garden, grunt_megastairs_3
Lair:5:   minmay_lair_end_frog_pond, layout_cave_pods
Swamp:1:  layout_basic_swamp, evilmike_swamp_ruin_house_4,
          nicolae_swamp_big_swirl
Orc:1:    layout_caves, basic_altar
Orc:2:    st_orc_elflike, layout_diamond_mine, serial_shops,
          nicolae_shop_hallway_plus

Notes
Turn   | Place    | Note
-------+----------+-------------------------------------------
     0 | D:1      | kae the Gargoyle Earth Elementalist began the quest for the
                  | Orb.
     0 | D:1      | Reached XP level 1. HP: 10/10 MP: 3/3
     0 | D:1      | magus.rc [v1.11.3]
   127 | D:1      | Reached skill level 1 in Conjurations
   127 | D:1      | Reached XP level 2. HP: 14/15 MP: 1/5
   136 | D:1      | Reached skill level 4 in Earth Magic
   325 | D:1      | Reached XP level 3. HP: 19/19 MP: 3/6
   329 | D:1      | Learned a level 3 spell: Stone Arrow
   332 | D:1      | Learned a level 2 spell: Passwall
   864 | D:2      | Found a shimmering altar of Xom.
   939 | D:2      | Reached skill level 2 in Conjurations
  1076 | D:2      | Reached XP level 4. HP: 24/24 MP: 0/7
  1586 | D:2      | Identified a potion of experience
  1775 | D:3      | Reached skill level 5 in Earth Magic
  2030 | D:3      | Reached skill level 3 in Conjurations
  2030 | D:3      | Reached XP level 5. HP: 25/28 MP: 4/9
  2144 | D:3      | Found a transporter.
  2236 | D:3      | Found a transporter.
  2668 | D:4      | Reached skill level 3 in Spellcasting
  2668 | D:4      | Reached XP level 6. HP: 32/32 MP: 7/10
  2767 | D:4      | Found a radiant altar of Vehumet.
  2903 | D:4      | Reached skill level 4 in Conjurations
  2903 | D:4      | Reached skill level 6 in Earth Magic
  3143 | D:4      | Noticed Edmund
  3299 | D:4      | Found a runed translucent door.
  3300 | D:4      | Noticed Crazy Yiuf
  3478 | D:4      | Killed Crazy Yiuf
  3547 | D:5      | Entered Level 5 of the Dungeon
  3652 | D:5      | Reached XP level 7. HP: 36/36 MP: 5/12
  3881 | D:4      | Became a worshipper of Vehumet
  3947 | D:5      | Reached skill level 5 in Conjurations
  4215 | D:5      | Reached skill level 7 in Earth Magic
  4291 | D:5      | Found a runed translucent gate.
  4291 | D:5      | Found a runed translucent gate.
  4292 | D:5      | Found a runed translucent gate.
  4308 | D:5      | Noticed Chingon's ghost (novice MiFi)
  4375 | D:5      | Noticed Sigmund
  4380 | D:5      | Killed Sigmund
  4381 | D:5      | Reached skill level 4 in Spellcasting
  4381 | D:5      | Reached XP level 8. HP: 41/41 MP: 7/14
  4441 | D:5      | Reached skill level 6 in Conjurations
  4680 | D:5      | Reached skill level 8 in Earth Magic
  4892 | D:5      | Learned a level 4 spell: Petrify
  4959 | D:6      | Found an ornate altar of the Wu Jian Council.
  5017 | D:6      | Found a bloodstained altar of Trog.
  5084 | D:6      | Found a shimmering blue altar of Sif Muna.
  5099 | D:6      | Got Sif Muna's Tome of Allies
  5205 | D:6      | Found a hide-covered altar of Uskayaw.
  5270 | D:6      | Found Lobewaosko's Weapon Emporium.
  5346 | D:6      | Reached skill level 7 in Conjurations
  5399 | D:6      | Noticed Duvessa
  5538 | D:6      | Noticed Pikel
  5677 | D:6      | Killed Pikel
  5678 | D:6      | Reached skill level 5 in Spellcasting
  5678 | D:6      | Reached skill level 8 in Conjurations
  5678 | D:6      | Reached skill level 9 in Earth Magic
  5678 | D:6      | Reached XP level 9. HP: 37/45 MP: 0/16
  5950 | D:6      | Found a white marble altar of Elyvilon.
  5956 | D:6      | Noticed Dowan
  6124 | D:6      | Killed Duvessa
  6137 | D:6      | Killed Dowan
  6183 | D:6      | Identified the +5 ring mail "Bicol" {Regen+ Str+4 Dex+4}
  6337 | D:6      | Reached skill level 10 in Earth Magic
  6647 | D:7      | Reached * piety under Vehumet
  6647 | D:7      | Offered knowledge of Kiss of Death by Vehumet.
  6679 | D:7      | Found a staircase to the Ecumenical Temple.
  7154 | D:7      | Reached skill level 9 in Conjurations
  7413 | D:8      | Noticed Erica
  7418 | D:8      | Killed Erica
  7419 | D:8      | Reached skill level 6 in Spellcasting
  7419 | D:8      | Reached skill level 11 in Earth Magic
  7419 | D:8      | Reached XP level 10. HP: 50/50 MP: 5/19
  7486 | D:8      | Noticed Joseph
  7563 | D:8      | You pick up a book of Party Tricks and begin reading...
  7563 | D:8      | You add the spells Apportation and Alistair's Intoxication
                  | to your library.
  7683 | D:8      | Reached skill level 10 in Conjurations
  7810 | D:8      | Reached ** piety under Vehumet
  7810 | D:8      | Offered knowledge of Poisonous Vapours by Vehumet.
  7909 | D:8      | Killed Joseph
  7910 | D:8      | Reached skill level 12 in Earth Magic
  8053 | D:8      | Found an iron altar of Okawaru.
  8255 | D:8      | Reached skill level 11 in Conjurations
  8294 | D:8      | Found a staircase to the Lair.
  8490 | D:8      | Found a burning altar of Makhleb.
  8547 | D:8      | Found a stormy altar of Qazlal.
  8581 | D:8      | Noticed Maggie
  8596 | D:8      | Killed Maggie
  8597 | D:8      | Reached skill level 7 in Spellcasting
  8597 | D:8      | Reached XP level 11. HP: 36/54 MP: 5/21
  8711 | D:8      | You add the spells Static Discharge, Sticky Flame and
                  | Conjure Ball Lightning to your library.
  8711 | D:8      | Got the Tome of Ruinous Shapeshifting
  8893 | D:9      | Reached skill level 13 in Earth Magic
  8923 | D:9      | Offered knowledge of Hailstorm by Vehumet.
  9254 | D:9      | Found an opulent altar of Gozag.
  9332 | D:9      | Identified the +3 leather armour of Indomitability {Int+4}
  9495 | D:9      | Reached *** piety under Vehumet
  9911 | D:9      | You pick up a book of Flames and begin reading...
  9911 | D:9      | You add the spells Inner Flame and Flame Wave to your
                  | library.
  9986 | D:10     | Entered Level 10 of the Dungeon
 10160 | D:10     | Reached skill level 6 in Fighting
 10160 | D:10     | Reached skill level 6 in Armour
 10160 | D:10     | Reached XP level 12. HP: 71/71 MP: 19/23
 10162 | D:10     | Reached skill level 12 in Conjurations
 10176 | D:10     | Offered knowledge of Ignite Poison by Vehumet.
 10700 | D:10     | You pick up a book of Storms and begin reading...
 10700 | D:10     | You add the spells Airstrike, Summon Lightning Spire and
                  | Lightning Bolt to your library.
 11059 | D:10     | You pick up a book of Hexes and begin reading...
 11059 | D:10     | You add the spells Cause Fear and Discord to your library.
 11069 | D:10     | You pick up a book of Power and begin reading...
 11069 | D:10     | You add the spells Iskenderun's Battlesphere, Iron Shot and
                  | Spellforged Servitor to your library.
 11433 | D:11     | Reached skill level 14 in Earth Magic
 11658 | D:11     | Reached **** piety under Vehumet
 12361 | D:11     | Noticed a stone giant
 12361 | D:11     | Noticed a two-headed ogre
 12363 | D:11     | Reached skill level 8 in Spellcasting
 12460 | D:11     | Offered knowledge of Arcjolt by Vehumet.
 12529 | D:11     | Reached skill level 13 in Conjurations
 12735 | D:11     | You pick up a book of Party Tricks and begin reading...
 12796 | D:11     | Reached XP level 13. HP: 76/76 MP: 8/25
 13000 | D:11     | Killed a stone giant
 13001 | D:11     | Reached skill level 15 in Earth Magic
 13389 | Lair:1   | Entered Level 1 of the Lair of Beasts
 13579 | Lair:1   | You pick up a book of Spatial Translocations and begin
                  | reading...
 13579 | Lair:1   | You add the spells Blink, Momentum Strike and Lesser
                  | Beckoning to your library.
 13770 | Lair:1   | You pick up a book of Minor Magic and begin reading...
 13770 | Lair:1   | You add the spells Magic Dart and Mephitic Cloud to your
                  | library.
 14700 | Lair:2   | Learned a level 6 spell: Iron Shot
 14764 | Lair:2   | Reached skill level 14 in Conjurations
 14926 | Lair:2   | Found a runed translucent gate.
 14926 | Lair:2   | Found a runed translucent gate.
 14926 | Lair:2   | Found a runed translucent gate.
 14935 | Lair:2   | Noticed mopl's ghost (journeyman DjTm)
 14935 | Lair:2   | Noticed Maiprargh's ghost (journeyman DsIE)
 15247 | Lair:2   | Reached skill level 16 in Earth Magic
 15283 | Lair:2   | Found the +8 whip "Snakebite" {venom, curare, rPois}
 15512 | Lair:2   | Reached skill level 9 in Spellcasting
 15591 | Lair:2   | Found a staircase to the Swamp.
 15598 | Lair:2   | Reached ***** piety under Vehumet
 15734 | Lair:3   | Identified the ring of the Middle {Fire *Slow Str+4 Int+6}
 15761 | Lair:3   | Found a staircase to the Snake Pit.
 15808 | Lair:3   | Found a runed translucent door.
 15825 | Lair:3   | Offered knowledge of Fireball by Vehumet.
 16309 | Lair:3   | Reached skill level 15 in Conjurations
 16643 | Lair:3   | Gained mutation: Your large and strong wings let you fly.
                  | [Gargoyle growth]
 16643 | Lair:3   | Reached XP level 14. HP: 65/80 MP: 20/27
 16741 | Lair:4   | HP: 29/120 [boulder beetle (13)]
 16748 | Lair:4   | HP: 23/120 [boulder beetle (13)]
 16763 | Lair:4   | Reached skill level 17 in Earth Magic
 16838 | Lair:4   | Found a frozen archway.
 16845 | IceCv    | Entered an ice cave
 17132 | IceCv    | Identified the +0 pair of boots "Kaydan" {rN+ SInv}
 17149 | IceCv    | Identified a +1 crystal plate armour of cold resistance
 17158 | IceCv    | Identified the ring of Jidah {rElec Will- rCorr Int+2}
 17164 | IceCv    | Identified the amulet of the Ban {Faith Int+3}
 17294 | IceCv    | Identified the +3 morningstar of Geimyow {spect, rPois
                  | Dex+4}
 17431 | Lair:4   | Found a staircase to the Slime Pits.
 17466 | Lair:4   | You pick up a book of Blasting and begin reading...
 17466 | Lair:4   | You add the spells Kindle Blastsparks, Fulminant Prism,
                  | Iskenderun's Mystic Blast and Lee's Rapid Deconstruction to
                  | your library.
 17793 | Lair:4   | You pick up a book of the Wilderness and begin reading...
 17793 | Lair:4   | You add the spells Summon Forest, Summon Mana Viper and
                  | Summon Cactus Giant to your library.
 17857 | Lair:4   | Identified the +5 war axe of the Demagogue {elec, Will+
                  | Dex-3 SInv}
 17931 | Lair:5   | Entered Level 5 of the Lair of Beasts
 18102 | Lair:5   | You pick up a book of Maledictions and begin reading...
 18102 | Lair:5   | You add the spells Anguish and Enfeeble to your library.
 18244 | Lair:5   | Reached skill level 10 in Spellcasting
 18244 | Lair:5   | Reached skill level 16 in Conjurations
 18528 | Lair:5   | Reached skill level 18 in Earth Magic
 18793 | Lair:5   | You pick up a book of Necromancy and begin reading...
 18793 | Lair:5   | You add the spells Necrotise, Vampiric Draining and Agony
                  | to your library.
 19146 | Lair:5   | Found the +12 glaive of Prune {freeze, Prune}
 19163 | Lair:5   | Identified the +4 rapier of Brawling {pain, *Noise rElec
                  | rCorr}
 19488 | D:9      | Learned a level 5 spell: Lee's Rapid Deconstruction
 19556 | D:12     | Found a staircase to the Orcish Mines.
 19663 | D:12     | You add the spells Sting, Poisonous Vapours and Olgreb's
                  | Toxic Radiance to your library.
 19671 | D:12     | Offered knowledge of Eringya's Noxious Bog by Vehumet.
 19672 | D:12     | Reached skill level 1 in Polearms
 19672 | D:12     | Reached XP level 15. HP: 85/85 MP: 22/29
 20262 | D:12     | Noticed a tengu reaver
 20270 | D:12     | Killed a tengu reaver
 20271 | D:12     | Reached skill level 7 in Fighting
 20271 | D:12     | Reached skill level 2 in Dodging
 20275 | D:12     | Reached skill level 2 in Polearms
 20275 | D:12     | Reached skill level 7 in Armour
 20391 | D:12     | You are sucked into a shaft and drop 3 floors!
 20391 | D:15     | Entered Level 15 of the Dungeon
 20459 | D:15     | Reached skill level 3 in Polearms
 20475 | D:15     | HP: 18/86 [purple ugly thing (9)]
 20477 | D:15     | HP: 8/86 [purple ugly thing (12)]
 20603 | D:15     | HP: 21/86 [slime creature (2)]
 20789 | D:15     | Found Biwnak's Jewellery Shoppe.
 20842 | D:14     | Reached skill level 3 in Dodging
 20970 | D:14     | Reached skill level 4 in Polearms
 21249 | D:14     | You pick up a book of Burglary and begin reading...
 21249 | D:14     | You add the spells Ensorcelled Hibernation and Swiftness to
                  | your library.
 21297 | D:13     | Offered knowledge of Irradiate by Vehumet.
 21298 | D:13     | Reached skill level 8 in Fighting
 21298 | D:13     | Reached skill level 8 in Armour
 21455 | D:13     | Reached skill level 5 in Polearms
 21521 | D:12     | You pick up a book of the Senses and begin reading...
 21521 | D:12     | You add the spells Dazzling Flash and Silence to your
                  | library.
 21719 | D:13     | You are cast into the Abyss!
 21719 | Abyss:2  | Cast into level 2 of the Abyss (a wizard)
 21967 | Abyss:2  | Reached skill level 4 in Dodging
 21984 | Abyss:2  | HP: 20/89 [spriggan defender skeleton[a necromancer] (13)]
 21989 | Abyss:2  | HP: 15/89 [anaconda zombie[a necromancer] (11)]
 21989 | Abyss:2  | HP: 6/89 [spriggan defender skeleton[a necromancer] (7)]
 21989 | Abyss:2  | HP: 1/89 [constriction[a necromancer] (2)]
 21999 | Abyss:2  | Reached skill level 6 in Polearms
 22028 | D:13     | You pass through the gate.
 22028 | D:13     | Escaped the Abyss
 22168 | D:13     | Reached XP level 16. HP: 68/95 MP: 15/30
 22234 | D:13     | Reached skill level 9 in Fighting
 22255 | D:12     | Reached skill level 9 in Armour
 22344 | D:13     | Reached skill level 7 in Polearms
 22557 | D:13     | Reached skill level 5 in Dodging
 22652 | D:13     | You pick up a book of Armaments and begin reading...
 22652 | D:13     | You add the spells Animate Armour and Lehudib's Crystal
                  | Spear to your library.
 23088 | D:13     | Reached skill level 8 in Polearms
 23099 | D:13     | Reached ****** piety under Vehumet
 23160 | D:13     | Found a gate to the Vaults.
 23571 | D:13     | Learned a level 8 spell: Lehudib's Crystal Spear
 24132 | D:15     | Offered knowledge of Freezing Cloud by Vehumet.
 24293 | D:15     | Found a staircase to the Depths.
 24385 | D:15     | Reached skill level 10 in Fighting
 24421 | D:15     | Paralysed by an ogre mage for 2 turns
 24427 | D:15     | Reached skill level 10 in Armour
 24807 | Swamp:1  | Entered Level 1 of the Swamp
 24933 | Swamp:1  | You pick up a book of Geomancy and begin reading...
 25111 | Swamp:1  | Reached skill level 9 in Polearms
 25391 | Swamp:1  | Reached skill level 6 in Dodging
 25497 | Swamp:1  | Reached XP level 17. HP: 103/103 MP: 24/31
 25828 | Orc:1    | Entered Level 1 of the Orcish Mines
 25998 | Orc:2    | Entered Level 2 of the Orcish Mines
 26102 | Orc:2    | Found Wanuddo's Magic Scroll Shoppe.
 26107 | Orc:2    | Bought a scroll of magic mapping for 127 gold pieces
 26107 | Orc:2    | Bought a scroll of identify for 34 gold pieces
 26344 | Orc:1    | Offered knowledge of Yara's Violent Unravelling by Vehumet.
 26439 | Orc:1    | Found a burning altar of Makhleb.
 26595 | Orc:2    | Found a staircase to the Elven Halls.
 26717 | Orc:2    | Reached skill level 17 in Conjurations
 26738 | Orc:2    | Found Inaub's General Store.
 26742 | Orc:2    | HP: 21/103 [orc knight/+0 war axe (7)]
 26742 | Orc:2    | HP: 8/103 [orc priest/divine providence (13)]
 26743 | Orc:2    | Slain by an orc knight

Vanquished Creatures
  A tengu reaver (D:12)
  2 stone giants
  A green draconian (Abyss:2)
  2 caustic shrike skeletons (Abyss:2)
  3 eleionomae (Swamp:1)
  2 bunyips (Swamp:1)
  An ettin (shapeshifter) (D:13)
  4 vault guards (D:13)
  An ice dragon (IceCv)
  A ghost crab (Swamp:1)
  11 hydras
  A spriggan skeleton (Abyss:2)
  8 centaur warriors
  An ogre mage (D:15)
  3 death knights
  A catoblepas (D:13)
  5 two-headed ogres
  2 boulder beetles
  Erica (D:8)
  An alligator (Swamp:1)
  A hell knight (D:15)
  A sixfirhy (Abyss:2)
  A skeletal warrior (D:13)
  A wretched star (Abyss:2)
  5 bog bodies
  5 goliath frogs
  An anaconda zombie (Abyss:2)
  2 deep trolls (D:15)
  Pikel (D:6)
  3 wizards
  A lindwurm (Lair:4)
  2 necromancers
  4 deep elf pyromancers
  2 deep elf zephyrmancers
  3 orc sorcerers
  17 cyclopes
  3 orc knights
  A will-o-the-wisp (Swamp:1)
  16 ugly things
  A cyclops (shapeshifter) (D:13)
  4 black mambas
  Joseph (D:8)
  3 manticores (D:13)
  9 elephants
  A smoke demon (Abyss:2)
  21 cane toads
  2 torpor snails
  Maggie (D:8)
  2 ice statues (IceCv)
  5 large abominations (Abyss:2)
  3 gargoyles
  2 orange demons (Abyss:2)
  2 unseen horrors
  A kobold demonologist (D:13)
  2 yaktaurs (D:13)
  2 freezing wraiths (D:13)
  5 komodo dragons
  11 rime drakes
  3 efreet
  An ancient zyme (Abyss:2)
  A polar bear (shapeshifter) (D:13)
  A bloated husk (Swamp:1)
  2 polar bears
  A troll (shapeshifter) (D:15)
  A wolf spider simulacrum (D:13)
  A meliai (D:13)
  5 tyrant leeches
  12 trolls
  6 hornets
  17 blink frogs
  4 raiju (Abyss:2)
  A raiju (shapeshifter) (D:13)
  5 dream sheep
  A jumping spider (shapeshifter) (D:14)
  3 spriggans (Swamp:1)
  4 shadows
  Sigmund (D:5)
  16 slime creatures
  A centaur simulacrum (D:11)
  4 wraiths
  28 yaks
  7 vampires
  4 wyverns
  A steam dragon (D:8)
  A ynoxinul (Abyss:2)
  A hog (shapeshifter) (D:13)
  6 basilisks
  18 vampire mosquitoes
  6 swamp worms
  A warg (Orc:2)
  13 water moccasins
  An acid dragon (D:9)
  Duvessa (D:6)
  7 ice beasts
  A sky beast (D:6)
  2 black bears
  19 orc warriors
  11 wolves
  8 ogres
  9 centaurs
  2 lemures (D:6)
  4 kobold brigands
  18 bullfrogs
  4 scorpions
  2 gnoll sergeants (D:11)
  2 small abominations (Abyss:2)
  5 necrophages
  12 wights
  Dowan (D:6)
  3 lindwurm simulacra (IceCv)
  9 howler monkeys
  3 electric eels
  7 komodo dragon simulacra (IceCv)
  5 jellies
  A quasit (Abyss:2)
  5 hounds
  15 orc priests
  Crazy Yiuf (D:4)
  16 orc wizards
  2 iguanas
  10 gnolls
  5 acid dragon simulacra (IceCv)
  12 adders
  A shadow imp (D:5)
  2 white imps
  2 ufetubi
  6 steam dragon simulacra (IceCv)
  5 worms
  3 dart slugs
  55 orcs
  6 ball pythons
  A bat (D:1)
  8 endoplasms
  3 giant cockroaches
  9 goblins
  8 hobgoblins
  5 jackals
  12 kobolds
  3 quokkas
  8 frilled lizards
  5 rats
722 creatures vanquished.

Vanquished Creatures (others)
  2 shadows
  2 orc priests (Orc:2)
  An orc wizard (D:11)
  8 fungi
  79 plants
  6 withered plants (Lair:2)
98 creatures vanquished.

Grand Total: 820 creatures vanquished

Table legend:
 A = Non-vault XP
 B = Vault XP
 C = Vault XP percentage of total XP
 D = Non-vault monster count
 E = Vault monster count
 F = Vault count percentage of total count
                 A         B        C        D         E       F
            +---------+---------+-------+---------+---------+-------
      Total |  101766 |   77125 |  43.1 |     484 |     240 |  33.1
            +---------+---------+-------+---------+---------+-------
        D:1 |      33 |       3 |   8.3 |      18 |       2 |  10.0
        D:2 |      43 |      10 |  18.9 |      18 |       2 |  10.0
        D:3 |     208 |       0 |   0.0 |      30 |       0 |   0.0
        D:4 |     230 |      40 |  14.8 |      14 |       1 |   6.7
        D:5 |     573 |     358 |  38.5 |      12 |       6 |  33.3
        D:6 |     632 |    1253 |  66.5 |       9 |       8 |  47.1
        D:7 |     719 |       0 |   0.0 |       9 |       0 |   0.0
        D:8 |    2966 |    3435 |  53.7 |      32 |      21 |  39.6
        D:9 |    2537 |       0 |   0.0 |      27 |       0 |   0.0
       D:10 |    2936 |       0 |   0.0 |      27 |       0 |   0.0
       D:11 |    4799 |    5286 |  52.4 |      26 |      15 |  36.6
       D:12 |    2527 |    5476 |  68.4 |      10 |      10 |  50.0
       D:13 |    7642 |   29255 |  79.3 |      21 |      58 |  73.4
       D:14 |    7547 |    1640 |  17.9 |      20 |       6 |  23.1
       D:15 |   10853 |    4480 |  29.2 |      24 |       6 |  20.0
     Lair:1 |     911 |    1344 |  59.6 |       5 |       4 |  44.4
     Lair:2 |    5299 |    4425 |  45.5 |      16 |      17 |  51.5
     Lair:3 |    4897 |    1290 |  20.9 |      18 |       2 |  10.0
     Lair:4 |    4850 |    2926 |  37.6 |      16 |      14 |  46.7
     Lair:5 |    9084 |   10144 |  52.8 |      25 |      33 |  56.9
    Swamp:1 |   15652 |       0 |   0.0 |      27 |       0 |   0.0
      Orc:1 |    2738 |       0 |   0.0 |      36 |       0 |   0.0
      Orc:2 |    1871 |    1999 |  51.7 |      19 |       7 |  26.9
    Abyss:2 |   12219 |       0 |   0.0 |      25 |       0 |   0.0
      IceCv |       0 |    3761 | 100.0 |       0 |      28 | 100.0
            +---------+---------+-------+---------+---------+-------

Illustrated notes

Table legend:
 A = Kills in this place as a percentage of kills in entire the game.
 B = Kills by you in this place as a percentage of kills by you in the entire game.
 C = Kills by friends in this place as a percentage of kills by friends in the entire game.
 D = Other kills in this place as a percentage of other kills in the entire game.
 E = Experience gained in this place as a percentage of experience gained in the entire game.
 F = Experience gained in this place divided by the number of levels of this place that you have seen.
                   A       B       C       D       E      F
               +-------+-------+-------+-------+-------+----------------------
         Total | 100.0 | 100.0 |   N/A | 100.0 | 100.0 | 7155.6
       Dungeon |  59.7 |  59.7 |   N/A |  50.0 |  53.4 | 6365.4
          Lair |  20.7 |  20.8 |   N/A |   0.0 |  25.3 | 9034.0
         Swamp |   3.7 |   3.8 |   N/A |   0.0 |   8.7 | 15652.0
  Orcish Mines |   8.6 |   8.3 |   N/A |  50.0 |   3.7 | 3304.0
         Abyss |   3.5 |   3.5 |   N/A |   0.0 |   6.8 | 12219.0
      Ice Cave |   3.9 |   3.9 |   N/A |   0.0 |   2.1 | 3761.0
               +-------+-------+-------+-------+-------+----------------------

Table legend: (Time is in decaauts)
 A = Elapsed time spent in this place.
 B = Non-inter-level travel time spent in this place.
 C = Inter-level travel time spent in this place.
 D = Time resting spent in this place.
 E = Time spent auto-exploring this place.
 F = Levels seen in this place.
 G = Mean time per level.
                   A        B        C        D        E       F      G
               +--------+--------+--------+--------+--------+-----+--------+
         Total |  27101 |  25758 |   1343 |   1852 |  19747 |  25 | 1084.0 |
       Dungeon |  18742 |  17807 |    935 |   1545 |  13570 |  15 | 1249.5 |
          Lair |   5721 |   5388 |    333 |    145 |   4417 |   5 | 1144.2 |
         Swamp |    879 |    859 |     20 |     43 |    672 |   1 |  879.0 |
  Orcish Mines |    929 |    876 |     53 |      6 |    693 |   2 |  464.5 |
         Abyss |    324 |    324 |      0 |     25 |    151 |   1 |  324.0 |
      Ice Cave |    504 |    504 |      0 |     88 |    244 |   1 |  504.0 |
               +--------+--------+--------+--------+--------+-----+--------+

Top non-repeatable levels by time:
    D:11: 1994 daAuts
    D:13: 1764 daAuts
     D:8: 1724 daAuts
     D:6: 1585 daAuts
  Lair:5: 1383 daAuts
     D:5: 1363 daAuts
    D:10: 1340 daAuts
     D:9: 1303 daAuts
  Lair:1: 1257 daAuts
  Lair:2: 1171 daAuts
    D:12: 1140 daAuts
  Lair:3: 1097 daAuts
     D:3: 1037 daAuts
    D:14: 1036 daAuts
     D:2: 1011 daAuts
